 Dungeon Crawl Stone Soup version 0.24-a0-500-g46574c2197 (webtiles) character file.

Game seed: 6962098252496394615

25 Gynju the Charlatan (level 2, 0/14 HPs)
             Began as a Spriggan Artificer on July 15, 2019.
             Slain by a hobgoblin
             ... wielding a +0 club
              (2 damage)
             ... on level 1 of the Dungeon.
             The game lasted 00:01:18 (845 turns).

Gynju the Charlatan (Spriggan Artificer)             Turns: 845, Time: 00:01:19

Health: 0/14       AC:  3    Str:  8    XL:     2   Next: 82%
Magic:  6/6        EV: 19    Int: 12    God:
Gold:   64         SH:  0    Dex: 16    Spells: 1/1 levels left

rFire    . . .     SeeInvis +   a - +0 short sword
rCold    . . .     Gourm    .   (shield restricted)
rNeg     . . .     Faith    .   b - +0 robe
rPois    .         Spirit   .   (helmet restricted)
rElec    .         Reflect  .   k - +0 cloak
rCorr    .         Harm     .   (gloves unavailable)
MR       .....                  (boots unavailable)
Stlth    ++........             (no amulet)
HPRegen  0.04/turn              (no ring)
MPRegen  0.10/turn              (no ring)

@: very quick
A: very small, unfitting armour, see invisible, herbivore, speed 3, slow
metabolism 2
a: no special abilities


You were on level 1 of the Dungeon.
You were not hungry.

You visited 1 branch of the dungeon, and saw 1 of its levels.

You collected 64 gold pieces.

Inventory:

Hand Weapons
 a - a +0 short sword (weapon)
 o - a +0 hunting sling
Missiles
 j - 21 stones (quivered)
Armour
 b - a +0 robe (worn)
 k - a +0 cloak (worn)
Wands
 c - a wand of flame (15)
 d - a wand of enslavement (15)
 e - a wand of random effects (15)
Scrolls
 h - a scroll of enchant weapon {unknown}
 l - a scroll of enchant armour {unknown}
 n - a scroll of remove curse {unknown}
Potions
 g - a potion of resistance {unknown}
 i - a potion of cancellation {unknown}
 m - 2 potions of curing {unknown}
Comestibles
 f - 3 rations


   Skills:
 + Level 1.1 Fighting
 + Level 1.6 Short Blades
 + Level 3.4 Dodging
 + Level 2.4 Stealth
 + Level 4.3 Evocations


You had one spell level left.
You didn't know any spells.
Your spell library was empty.

Dungeon Overview and Level Annotations

Branches:
Dungeon (1/15)

Altars:


Innate Abilities, Weirdness & Mutations

You are very small and have problems with some larger weapons.
You are too small for most types of armour.
You have supernaturally acute eyesight. (SInv)
You are a herbivore.
You cover ground extremely quickly.
You need to consume almost no food.


Message History

* * * LOW HITPOINT WARNING * * *
You are too injured to fight recklessly!
You are too injured to fight recklessly!
You are too injured to fight recklessly!
You are too injured to fight recklessly!
You are too injured to fight recklessly!
You are too injured to fight recklessly!
You are too injured to fight recklessly!
There is an open door here.
You hit the hobgoblin but do no damage. The hobgoblin barely misses you.
You hit the hobgoblin but do no damage. The hobgoblin misses you.
You closely miss the hobgoblin.
The hobgoblin hits you but does no damage.
You closely miss the hobgoblin. The hobgoblin closely misses you.
You closely miss the hobgoblin. The hobgoblin completely misses you.
You completely miss the hobgoblin. The hobgoblin barely misses you.
You hit the hobgoblin.
The hobgoblin is almost dead.
The hobgoblin hits you with a +0 club.
You die...

### ##.## ###
##...## ##.##
#.....###.#.## ..
##...###.###.##
#..###.###.## ##.###
#.........## ##..#
##.###@###.## ##.#.#
##g####.###.##.#
##.K.####.#.###.#
#.....# ##.####.##
#.......# ####.#..#
#.........####...#.#
+.........+........#
..#
#.........####...#.#
#.# ##.......##
###.##.###


You could see a hobgoblin and a kobold.

Vanquished Creatures
  4 goblins (D:1)
  4 hobgoblins (D:1)
  4 kobolds (D:1)
  6 bats (D:1)
  3 frilled lizards (D:1)
  A rat (D:1)
22 creatures vanquished.

Notes
Turn   | Place    | Note
-------+----------+-------------------------------------------
     0 | D:1      | Gynju the Spriggan Artificer began the quest for the Orb.
     0 | D:1      | Reached XP level 1. HP: 9/9 MP: 4/4
   248 | D:1      | Reached skill level 1 in Fighting
   337 | D:1      | Reached XP level 2. HP: 14/14 MP: 6/6
   845 | D:1      | Slain by a hobgoblin

Levels and vault maps discovered:
D:1:      dpeg_arrival_arbitrary_b, layout_loops_corners

Skill      XL: |  1 |
---------------+----+-----
Fighting       | 1 |  1.1
Stealth        | 2 |  2.4
Short Blades   | |  1.6
Dodging        | |  3.4
Evocations     | |  4.3

Action                   || total
-------------------------++-------
Melee: Short sword       ||    93
 Stab: Sleeping          ||     5
Armor: Robe              ||     8
Dodge: Dodged            ||    83

Table legend:
 A = Non-vault XP
 B = Vault XP
 C = Vault XP percentage of total XP
 D = Non-vault monster count
 E = Vault monster count
 F = Vault count percentage of total count
                 A         B        C        D         E       F
            +---------+---------+-------+---------+---------+-------
      Total |      36 |       0 |   0.0 |      22 |       0 |   0.0
            +---------+---------+-------+---------+---------+-------
        D:1 |      36 |       0 |   0.0 |      22 |       0 |   0.0
            +---------+---------+-------+---------+---------+-------
